TOP OF THE 1ST |
Cape Cod Clams batting - Pitching for Topeka Tornados : RHP Jorge Oliva
|
Pitching: RHP Jorge Oliva
|
|
Batting: SHB Edgardo Osorio
|
0-0: Foul Ball, location: 2F 0-1: Foul Ball, location: 2F 0-2: Ball 1-2: Foul Ball, location: 2F 1-2: Foul Ball, location: 2F 1-2: Ball 2-2: Ball 3-2: Foul Ball, location: 2F 3-2: Base on Balls
|
Batting: RHB Justin Schultz
|
0-0: Called Strike Edgardo Osorio steals 2nd base 0-1: Foul Ball, location: 2F 0-2: Ground out 1-3 (Groundball, 15)
|
Batting: LHB Willie Wallace
|
0-0: Swinging Strike 0-1: Ball Edgardo Osorio steals 3rd base 1-1: Ball 2-1: SINGLE (Line Drive, 6MD) Edgardo Osorio scores
|
Batting: SHB Rob Grun
|
0-0: Called Strike 0-1: Ball 1-1: Ball Willie Wallace steals 2nd base 2-1: 2-RUN HOME RUN (Flyball, 78XD), Distance : 404 ft
|
Batting: RHB Ángel Garza
|
0-0: Ball 1-0: Swinging Strike 1-1: Called Strike 1-2: Strikes out swinging
|
Batting: RHB Yasuhiro Kobayashi
|
0-0: Called Strike 0-1: Fly out, F9 (Flyball, 89M)
|
Top of the 1st over - 3 run(s), 2 hit(s), 0 error(s), 0 left on base; Cape Cod 3 - Topeka 0 |
BOTTOM OF THE 1ST |
Topeka Tornados batting - Pitching for Cape Cod Clams : RHP Jorge Jiménez
|
Pitching: RHP Jorge Jiménez
|
|
Batting: RHB José Pinto
|
0-0: Fly out, F8 (Flyball, 8LM)
|
Batting: RHB Bob Hall
|
0-0: Called Strike 0-1: Foul Ball, location: 2F 0-2: Foul Ball, location: 2F 0-2: Ball 1-2: Ground out 4-3 (Groundball, 13)
|
Batting: LHB Yoshiaki Ohayashi
|
0-0: Called Strike 0-1: Ball 1-1: Ball 2-1: Foul Ball, location: 2F 2-2: Foul Ball, location: 2F 2-2: SINGLE (Groundball, 34D) (infield hit)
|
Batting: LHB Ryan Drake
|
0-0: Ball 1-0: Called Strike 1-1: Swinging Strike 1-2: DOUBLE (Line Drive, 89D) Yoshiaki Ohayashi to third
|
Batting: RHB Cho-yun Qiao
|
0-0: Ball 1-0: SINGLE (Groundball, 25) (infield hit) Yoshiaki Ohayashi scores Ryan Drake to third
|
Batting: RHB Matt Perkins
|
0-0: Fielders Choice at 2nd, 5-4 (Groundball, 56)
|
Bottom of the 1st over - 1 run(s), 3 hit(s), 0 error(s), 1 left on base; Cape Cod 3 - Topeka 1 |
TOP OF THE 2ND |
Cape Cod Clams batting - Pitching for Topeka Tornados : RHP Jorge Oliva
|
Batting: SHB Andrés Díaz
|
0-0: Called Strike 0-1: Ball 1-1: Ball 2-1: Fly out, F5 (Popup, 56S)
|
Batting: RHB Juan Marín
|
0-0: Ball 1-0: Ball 2-0: Swinging Strike 2-1: Swinging Strike 2-2: Foul Ball, location: 2F 2-2: Strikes out looking
|
Batting: RHB Víctor Solano
|
0-0: Ball 1-0: SOLO HOME RUN (Flyball, 7D), Distance : 373 ft
|
Batting: SHB Edgardo Osorio
|
0-0: Swinging Strike 0-1: Ball 1-1: Swinging Strike 1-2: SINGLE (Line Drive, 78S)
|
Batting: RHB Justin Schultz
|
0-0: Called Strike 0-1: Foul Ball, location: 2F 0-2: Fly out, F4 (Popup, 4MS)
|
Top of the 2nd over - 1 run(s), 2 hit(s), 0 error(s), 1 left on base; Cape Cod 4 - Topeka 1 |
BOTTOM OF THE 2ND |
Topeka Tornados batting - Pitching for Cape Cod Clams : RHP Jorge Jiménez
|
Batting: RHB Gabriel Santana
|
0-0: Called Strike 0-1: Ball 1-1: Swinging Strike 1-2: Strikes out looking
|
Batting: RHB Miguel Monteagudo
|
0-0: Ball 1-0: Foul Ball, location: 2F 1-1: Ball 2-1: Called Strike 2-2: Fly out, F2 (Popup, 2LF)
|
Batting: RHB Roger Banks
|
0-0: Foul Ball, location: 2F 0-1: Swinging Strike 0-2: Strikes out swinging
|
Bottom of the 2nd over - 0 run(s), 0 hit(s), 0 error(s), 0 left on base; Cape Cod 4 - Topeka 1 |
TOP OF THE 3RD |
Cape Cod Clams batting - Pitching for Topeka Tornados : RHP Jorge Oliva
|
Batting: LHB Willie Wallace
|
0-0: Ball 1-0: Called Strike 1-1: Ground out U3 (Groundball, 3S)
|
Batting: SHB Rob Grun
|
0-0: Ball 1-0: Ground out 4-3 (Groundball, 4)
|
Batting: RHB Ángel Garza
|
0-0: Foul Ball, location: 2F 0-1: Foul Ball, location: 2F 0-2: Strikes out swinging
|
Top of the 3rd over - 0 run(s), 0 hit(s), 0 error(s), 0 left on base; Cape Cod 4 - Topeka 1 |
BOTTOM OF THE 3RD |
Topeka Tornados batting - Pitching for Cape Cod Clams : RHP Jorge Jiménez
|
Batting: RHB José Pinto
|
0-0: Swinging Strike 0-1: Ball 1-1: Ball 2-1: Ground out U3 (Groundball, 3S)
|
Batting: RHB Bob Hall
|
0-0: Ball 1-0: Swinging Strike 1-1: SOLO HOME RUN (Flyball, 7LD), Distance : 347 ft
|
Batting: LHB Yoshiaki Ohayashi
|
0-0: Ground out 6-3 (Groundball, 6S)
|
Batting: LHB Ryan Drake
|
0-0: Ball 1-0: Ball 2-0: Swinging Strike 2-1: Called Strike 2-2: Strikes out swinging
|
Bottom of the 3rd over - 1 run(s), 1 hit(s), 0 error(s), 0 left on base; Cape Cod 4 - Topeka 2 |
TOP OF THE 4TH |
Cape Cod Clams batting - Pitching for Topeka Tornados : RHP Jorge Oliva
|
Batting: RHB Yasuhiro Kobayashi
|
0-0: Ground out 5-3 (Groundball, 5)
|
Batting: SHB Andrés Díaz
|
0-0: Ball 1-0: Ball 2-0: Ball 3-0: Called Strike 3-1: Foul Ball, location: 2F 3-2: DOUBLE (Flyball, 8RXD)
|
Batting: RHB Juan Marín
|
0-0: Called Strike 0-1: Ball 1-1: Called Strike 1-2: SINGLE (Line Drive, 8LS) Andrés Díaz to third
|
Batting: RHB Víctor Solano
|
0-0: Ball 1-0: Foul Ball, location: 2F 1-1: Ball 2-1: DOUBLE (Line Drive, 7LD) Andrés Díaz scores Juan Marín to third
|
Batting: SHB Edgardo Osorio
|
0-0: Ball 1-0: Called Strike 1-1: Swinging Strike 1-2: Foul Ball, location: 2F 1-2: Ball 2-2: Strikes out swinging
|
Batting: RHB Justin Schultz
|
0-0: Called Strike 0-1: DOUBLE (Flyball, 89D) Juan Marín scores Víctor Solano scores
|
Pitching: RHP Alberto Ortega
|
|
Batting: LHB Willie Wallace
|
0-0: Ball 1-0: Foul Ball, location: 2F 1-1: Ball 2-1: Ball 3-1: SINGLE (Groundball, 4MD) Justin Schultz to third Runner from 3rd tries for Home, SAFE, no throw or cutoff
|
Batting: SHB Rob Grun
|
0-0: Called Strike 0-1: Called Strike 0-2: SINGLE (Flyball, 5D) Willie Wallace to second
|
Batting: RHB Ángel Garza
|
0-0: Called Strike 0-1: Foul Ball, location: 2F 0-2: Ball 1-2: Ball 2-2: Fielders Choice at 2nd, 4-6 (Groundball, 6M)
|
Top of the 4th over - 4 run(s), 6 hit(s), 0 error(s), 1 left on base; Cape Cod 8 - Topeka 2 |
BOTTOM OF THE 4TH |
Topeka Tornados batting - Pitching for Cape Cod Clams : RHP Jorge Jiménez
|
Batting: RHB Cho-yun Qiao
|
0-0: Called Strike 0-1: Ball 1-1: Ground out 5-3 (Groundball, 5S)
|
Batting: RHB Matt Perkins
|
0-0: Ball 1-0: Ball 2-0: Fly out, F9 (Flyball, 9M)
|
Batting: RHB Gabriel Santana
|
0-0: Ball 1-0: Ground out 4-3 (Groundball, 4M)
|
Bottom of the 4th over - 0 run(s), 0 hit(s), 0 error(s), 0 left on base; Cape Cod 8 - Topeka 2 |
TOP OF THE 5TH |
Cape Cod Clams batting - Pitching for Topeka Tornados : RHP Alberto Ortega
|
Batting: RHB Yasuhiro Kobayashi
|
0-0: Ball 1-0: Ball 2-0: Ball 3-0: Foul Ball, location: 2F 3-1: Called Strike 3-2: Foul Ball, location: 2F 3-2: Base on Balls
|
Batting: SHB Andrés Díaz
|
0-0: Ground out 2-3 (Groundball, 23) Yasuhiro Kobayashi to second
|
Batting: RHB Juan Marín
|
0-0: Ball 1-0: Ground out 1-3 (Groundball, 15)
|
Batting: RHB Víctor Solano
|
0-0: Called Strike 0-1: Ball 1-1: Ball 2-1: Ground out 5-3 (Groundball, 5L)
|
Top of the 5th over - 0 run(s), 0 hit(s), 0 error(s), 1 left on base; Cape Cod 8 - Topeka 2 |
BOTTOM OF THE 5TH |
Topeka Tornados batting - Pitching for Cape Cod Clams : RHP Jorge Jiménez
|
Batting: RHB Miguel Monteagudo
|
0-0: Called Strike 0-1: Called Strike 0-2: Ball 1-2: Foul Ball, location: 2F 1-2: Ball 2-2: Ball 3-2: Foul Ball, location: 2F 3-2: Strikes out swinging
|
Batting: RHB Roger Banks
|
0-0: Ball 1-0: Ball 2-0: Called Strike 2-1: Ground out 5-3 (Groundball, 5L)
|
Batting: RHB José Pinto
|
0-0: Called Strike 0-1: Fly out, F4 (Popup, 4)
|
Bottom of the 5th over - 0 run(s), 0 hit(s), 0 error(s), 0 left on base; Cape Cod 8 - Topeka 2 |
TOP OF THE 6TH |
Cape Cod Clams batting - Pitching for Topeka Tornados : RHP Alberto Ortega
|
Batting: SHB Edgardo Osorio
|
0-0: Called Strike 0-1: SINGLE (Groundball, 34D)
|
Batting: RHB Justin Schultz
|
0-0: Ball 1-0: Ball 2-0: Ball 3-0: Called Strike 3-1: Fielders Choice at 2nd, 6-4 (Groundball, 6M)
|
Batting: LHB Willie Wallace
|
0-0: Swinging Strike 0-1: Foul Ball, location: 2F 0-2: Ball 1-2: Foul Ball, location: 2F 1-2: Foul Ball, location: 2F 1-2: Fly out, F8 (Flyball, 8LD)
|
Batting: SHB Rob Grun
|
0-0: Called Strike 0-1: Ground out U3 (Groundball, 3L)
|
Top of the 6th over - 0 run(s), 1 hit(s), 0 error(s), 1 left on base; Cape Cod 8 - Topeka 2 |
BOTTOM OF THE 6TH |
Topeka Tornados batting - Pitching for Cape Cod Clams : RHP Jorge Jiménez
|
Batting: RHB Bob Hall
|
0-0: Foul Ball, location: 2F 0-1: Ball 1-1: Called Strike 1-2: Foul Ball, location: 2F 1-2: Strikes out swinging
|
Batting: LHB Yoshiaki Ohayashi
|
0-0: Called Strike 0-1: Ball 1-1: Called Strike 1-2: Foul Ball, location: 2F 1-2: DOUBLE (Line Drive, 9D)
|
Batting: LHB Ryan Drake
|
0-0: Swinging Strike 0-1: Called Strike 0-2: Strikes out looking
|
Batting: RHB Cho-yun Qiao
|
0-0: Ground out 1-3 (Groundball, 13S)
|
Bottom of the 6th over - 0 run(s), 1 hit(s), 0 error(s), 1 left on base; Cape Cod 8 - Topeka 2 |
TOP OF THE 7TH |
Cape Cod Clams batting - Pitching for Topeka Tornados : RHP Alberto Ortega
|
Pitching: LHP Pedro Vega
|
|
Batting: RHB Ángel Garza
|
0-0: Ball 1-0: Ground out 6-3 (Groundball, 6)
|
Batting: RHB Yasuhiro Kobayashi
|
0-0: Ball 1-0: Ball 2-0: Called Strike 2-1: Foul Ball, location: 2F 2-2: Foul Ball, location: 2F 2-2: Ball 3-2: Base on Balls
|
Batting: SHB Andrés Díaz
|
0-0: Called Strike 0-1: Foul Ball, location: 2F 0-2: Strikes out looking
|
Batting: RHB Juan Marín
|
0-0: Foul Ball, location: 2F 0-1: Fly out, F8 (Line Drive, 8RD)
|
Top of the 7th over - 0 run(s), 0 hit(s), 0 error(s), 1 left on base; Cape Cod 8 - Topeka 2 |
BOTTOM OF THE 7TH |
Topeka Tornados batting - Pitching for Cape Cod Clams : RHP Jorge Jiménez
|
Batting: RHB Matt Perkins
|
0-0: Called Strike 0-1: Foul Ball, location: 2F 0-2: Strikes out swinging
|
Batting: RHB Gabriel Santana
|
0-0: Called Strike 0-1: Ball 1-1: Called Strike 1-2: Strikes out swinging
|
Batting: RHB Miguel Monteagudo
|
0-0: Called Strike 0-1: Foul Ball, location: 2F 0-2: Foul Ball, location: 2F 0-2: Strikes out swinging
|
Bottom of the 7th over - 0 run(s), 0 hit(s), 0 error(s), 0 left on base; Cape Cod 8 - Topeka 2 |
TOP OF THE 8TH |
Cape Cod Clams batting - Pitching for Topeka Tornados : LHP Pedro Vega
|
Batting: RHB Víctor Solano
|
0-0: Called Strike 0-1: Ball 1-1: Ground out 1-3 (Groundball, 13S)
|
Batting: SHB Edgardo Osorio
|
0-0: Ball 1-0: Called Strike 1-1: Ball 2-1: Called Strike 2-2: Ball 3-2: Base on Balls
|
Batting: RHB Justin Schultz
|
0-0: Called Strike 0-1: Swinging Strike 0-2: Fly out, F6 (Popup, 15)
|
Batting: LHB Willie Wallace
|
0-0: Called Strike 0-1: Fielders Choice at 2nd, U6 (Groundball, 6M)
|
Top of the 8th over - 0 run(s), 0 hit(s), 0 error(s), 1 left on base; Cape Cod 8 - Topeka 2 |
BOTTOM OF THE 8TH |
Topeka Tornados batting - Pitching for Cape Cod Clams : RHP Jorge Jiménez
|
Pitching: RHP Juan Reyes
|
|
Now at 1B: Marcos Castillo
|
|
Batting: RHB Roger Banks
|
0-0: Ball 1-0: Ground out 4-3 (Groundball, 34)
|
Batting: RHB José Pinto
|
0-0: Ball 1-0: Ground out 4-3 (Groundball, 4S)
|
Batting: RHB Bob Hall
|
0-0: Ball 1-0: SINGLE (Line Drive, 78S)
|
Batting: LHB Yoshiaki Ohayashi
|
0-0: Ball 1-0: Called Strike 1-1: Foul Ball, location: 2F 1-2: Strikes out looking
|
Bottom of the 8th over - 0 run(s), 1 hit(s), 0 error(s), 1 left on base; Cape Cod 8 - Topeka 2 |
TOP OF THE 9TH |
Cape Cod Clams batting - Pitching for Topeka Tornados : LHP Pedro Vega
|
Pitching: LHP Enrique Muñóz
|
|
Batting: SHB Rob Grun
|
0-0: Foul Ball, location: 2F 0-1: Called Strike 0-2: Ball 1-2: Ball 2-2: Ball 3-2: Base on Balls
|
Batting: RHB Ángel Garza
|
0-0: Swinging Strike 0-1: Ball 1-1: Swinging Strike 1-2: Foul Ball, location: 2F 1-2: Ball 2-2: Ball 3-2: Strikes out swinging
|
Batting: RHB Yasuhiro Kobayashi
|
0-0: Swinging Strike 0-1: Grounds into double play, 5-4-3 (Groundball, 5)
|
Top of the 9th over - 0 run(s), 0 hit(s), 0 error(s), 0 left on base; Cape Cod 8 - Topeka 2 |
BOTTOM OF THE 9TH |
Topeka Tornados batting - Pitching for Cape Cod Clams : RHP Juan Reyes
|
Now at C: António Ramos
|
|
Now at SS: Armando Vega
|
|
Batting: LHB Ryan Drake
|
0-0: Called Strike 0-1: Called Strike 0-2: Strikes out looking
|
Batting: RHB Cho-yun Qiao
|
0-0: Ball 1-0: Ground out 5-3 (Groundball, 5S)
|
Batting: RHB Matt Perkins
|
0-0: Swinging Strike 0-1: Ball 1-1: Ball 2-1: SOLO HOME RUN (Line Drive, 78XD), Distance : 386 ft
|
Batting: RHB Gabriel Santana
|
0-0: Ball 1-0: Ball 2-0: Ball 3-0: Base on Balls
|
Batting: RHB Miguel Monteagudo
|
0-0: Called Strike 0-1: Ball 1-1: Foul Ball, location: 2F 1-2: Strikes out swinging
|
Bottom of the 9th over - 1 run(s), 1 hit(s), 0 error(s), 1 left on base; Cape Cod 8 - Topeka 3 |
|